Match 46809015
Unlisted

Match 46809015
End
Construct Section Command Post
Selects Air and Sea Battlegroup
Infantry Section
Dingo Light Scout Car
Infantry Section
Infantry Section
Construct Platoon Command Post
Selects Commando Section Paradrop
Selects Commando Support Section Paradrop
Humber Armored Car
Infantry Training
Commando Support Section Paradrop
Unlock Bishop Self-propelled Artillery
Vickers Machine Gun Team
Bishop Self-propelled Artillery
Grenade Package
Selects Incendiary Bombing Run
Construct Company Command Post
Selects Supply Surplus
Construct Resource Cache
Construct Resource Cache
Construct Resource Cache
Matilda II Heavy Tank
Selects UNKNOWN (223837)
6-pounder Anti-tank Gun Team
Unlock M3 Grant Medium Tanks
M3 Grant Medium Tank
Selects Assault Flares
M3 Grant Medium Tank
Royal Engineer Section
Crusader II Medium Tank
Assault Flares
Crusader II Medium Tank
Royal Engineer Section
Crusader II Medium Tank
M3 Grant Medium Tank
Assault Flares
GeeNo
aSIIDemolitionHammer
Angrybirds
秃鹫k
0
0

Comments sign in to comment!

No comments posted yet!